 Dungeon Crawl Stone Soup version 0.30-a0-634-g8abc85282e (webtiles) character file.

Game seed: 14410770251503515245

4834 astrocodex43 the Cleaver (level 10, -5/79 HPs)
             Began as a Vampire Fighter on Jan 15, 2023.
             Was a Believer of Ashenzari.
             Slain by a komodo dragon (19 damage)
             ... on level 1 of the Lair of Beasts.
             The game lasted 00:52:55 (7687 turns).

astrocodex43 the Cleaver (Vampire Fighter)          Turns: 7687, Time: 00:52:55

Health: -5/79      AC: 14    Str: 24    XL:     10   Next: 25%
Magic:  10/10      EV: 13    Int: 14    God:    Ashenzari [**....]
Gold:   432        SH: 12    Dex: 14    Spells: 9/9 levels left

rFire   . . .      SeeInvis +    a - +0 war axe of Supernal Gnosis {Fort, Alch} (curse)
rCold   . . .      Faith    .    c - +1 buckler
rNeg    . . .      Spirit   .    v - +0 plate armour of the Ensconced Augur {Cun, Elem} (curse)
rPois   .          Reflect  +    (no helmet)
rElec   .          Harm     .    (no cloak)
rCorr   .          Rampage  .    (no gloves)
Will    +....                    o - +0 pair of boots Stlth
                                 i - amulet of reflection
HPRegen 0.53/turn                e - ring of the Eternal Negligence {EV+5, Self, Comp} (curse)
MPRegen 0.12/turn                j - ring of Ashenzari's Servitude {Str+6, Comp, Alch} (curse)

@: healing quickly, studying Staves
A: alive, fangs 3, see invisible, vampiric 2, clever 1, wild magic 1
a: Exsanguinate, Renounce Religion, Shatter the Chains


You were on level 1 of the Lair of Beasts.
You worshipped Ashenzari.
Ashenzari was pleased with you.
You visited 3 branches of the dungeon, and saw 10 of its levels.

You collected 432 gold pieces.

Inventory:

Hand Weapons
 a - the cursed +0 war axe of Supernal Gnosis (weapon) {Fort, Alch}

   It has a curse which improves the following skills: Fortitude: Armour and
   Shields.
   Alchemy:   Poison Magic and Transmutations.
 k - a +1 scimitar of draining
 u - a +4 dire flail
 w - a +1 spear of distortion
Armour
 b - a +0 scale mail
 c - a +1 buckler (worn)
 o - a +0 pair of boots (worn)
 r - +0 acid dragon scales
 v - the cursed +0 plate armour of the Ensconced Augur (worn) {Cun, Elem}
   (You took it off an orc warrior on level 8 of the Dungeon)

   It has a curse which improves the following skills: Cunning: Dodging and
   Stealth.
   Elements:  Fire Magic, Ice Magic, Air Magic and Earth Magic.
Magical Staves
 s - a staff of air
Jewellery
 e - the cursed ring of the Eternal Negligence (left hand) {EV+5, Self, Comp}
   (You found it on level 2 of the Dungeon)

   [ring of evasion]

   EV:        It affects your evasion (+5).
   It has a curse which improves the following skills: Introspection: Fighting
   and Spellcasting.
   Companions: Summonings and Necromancy.
 i - an amulet of reflection (around neck)
 j - the cursed ring of Ashenzari's Servitude (right hand) {Str+6, Comp, Alch}
   (You found it on level 3 of the Dungeon)

   [ring of strength]

   Str:       It affects your strength (+6).
   It has a curse which improves the following skills: Companions: Summonings
   and Necromancy.
   Alchemy:   Poison Magic and Transmutations.
 m - a ring of willpower
 q - a +6 ring of strength
Wands
 y - a wand of flame (13)
Scrolls
 g - 15 scrolls of identify
 h - 2 scrolls of noise
 n - 2 scrolls of magic mapping
 p - a scroll of torment
Potions
 d - 2 potions of might
 f - 2 potions of magic
 l - a potion of attraction


   Skills:
 + Level 6.1(7.4) Fighting
 + Level 9.1 Axes
 + Level 6.4(7.7) Armour
 + Level 3.8(5.0) Dodging
 + Level 1.7(2.6) Stealth
 + Level 5.7(7.0) Shields
 + Level 1.1 Evocations


You had 9 spell levels left.
You didn't know any spells.
Your spell library contained the following spells:

 Spells                   Type           Power      Damage    Failure   Level
 Blink                    Tloc           0%         N/A       100%        2
 Momentum Strike          Conj/Tloc      0%         3d8       100%        2
 Lesser Beckoning         Tloc           0%         N/A       100%        3
 Portal Projectile        Hex/Tloc       0%         N/A       100%        3
 Tukima's Dance           Hex            0%         N/A       100%        3
 Blade Hands              Tmut           0%         N/A       100%        5


Dungeon Overview and Level Annotations

Branches:
Dungeon (8/15)             Temple (1/1) D:7            Lair (1/5) D:8

Altars:
Ashenzari
Cheibriados
Dithmenos
Fedhas
Gozag
Hepliaklqana
Kikubaaqudgha
Makhleb
Okawaru
Trog
Uskayaw
Vehumet
Xom
Yredelemnul
Jiyva

Shops:
D:4 (


Innate Abilities, Weirdness & Mutations

Your natural rate of healing is accelerated.
You have razor-sharp teeth.
You have supernaturally acute eyesight. (SInv)
You are afflicted with vampirism and can become a bat while bloodless.
Your mind is acute. (Int +4, Str/Dex -1)
Your spells are a little harder to cast, but a little more powerful.


Message History

The bullfrog is almost dead.
You block the bullfrog's attack.
The bullfrog hits you but does no damage.
You completely miss the bullfrog.
The bullfrog is almost dead.
You block the bullfrog's attack.
You closely miss the bullfrog. Your bite misses the bullfrog.
The bullfrog is almost dead.
You block the bullfrog's attack. The bullfrog barely misses you.
You hit the bullfrog.
You kill the bullfrog!
Your Axes skill increases to level 9!
There is a staircase to the Lair here.
You climb downwards.
Welcome to the Lair of Beasts!
Found a +0 sling.
There is a staircase back to the Dungeon here.
The electric eel shoots out a bolt of lightning at you!
The bolt of electricity hits you!
Aiming: Throw Flame
Press: ? - help, Q - select action, (/) - cycle Shift-Dir - straight line, f - electric eel
Aim: an electric eel (48% to hit)
You hear a splash.
You feel a bit more experienced.
Your life force feels restored.
A komodo dragon comes into view.
The komodo dragon hisses angrily.
The komodo dragon is engulfed in a cloud of scalding steam.
The komodo dragon barely misses you. You block the komodo dragon's attack.
You hit the komodo dragon but do no damage.
The komodo dragon is lightly wounded.
The komodo dragon bites you!!
* * * LOW HITPOINT WARNING * * *
You slash the komodo dragon!
The komodo dragon is heavily wounded.
You block the komodo dragon's attack.
You barely miss the komodo dragon.
The komodo dragon is heavily wounded.
The komodo dragon bites you!!
You die...

* , ,............P###
, , .....≈~~†......##.
...~~~≈≈≈~~...... ,
##.~≈≈≈≈≈≈~....## *
#.~~~≈≈≈≈≈~.....#* * *
..~≈~≈≈~~≈≈~^..####..
* *
#.~~≈~..~~~.l........
, #.~~~.<....@........
,
##.....)......P####.,,
, ##......P....P#
#####P.........# , *
** #...........# * , ,
............... , ,
................ , , *
................ *
,,,, ,, ,


You could see a komodo dragon.

Vanquished Creatures
  Pikel (D:5)
  Joseph (D:7)
  Maggie (D:8)
  A komodo dragon (D:8)
  A hornet (D:5)
  A wyvern (D:7)
  A water moccasin (D:8)
  4 black bears
  An orc warrior (D:8)
  2 ice beasts
  A sky beast (D:7)
  2 lemures (D:5)
  2 centaurs
  2 kobold brigands
  4 necrophages
  5 scorpions
  6 bullfrogs
  5 wights
  An electric eel (Lair:1)
  A howler monkey (D:6)
  2 hounds
  3 orc priests
  2 gnoll boudas (D:7)
  6 iguanas
  5 orc wizards
  6 adders
  11 gnolls
  2 shadow imps
  2 ufetubi
  4 dart slugs (D:1)
  33 orcs
  6 bats
  6 endoplasms
  2 giant cockroaches
  6 goblins
  6 hobgoblins
  3 jackals (D:3)
  11 kobolds
  6 quokkas
  12 ball pythons
  4 frilled lizards
  5 rats
186 creatures vanquished.

Vanquished Creatures (others)
  39 fungi (D:8)
  54 plants
93 creatures vanquished.

Grand Total: 279 creatures vanquished

Notes
Turn   | Place    | Note
-------+----------+-------------------------------------------
     0 | D:1      | astrocodex43 the Vampire Fighter began the quest for the
                  | Orb.
     0 | D:1      | Reached XP level 1. HP: 17/17 MP: 1/1
     2 | D:1      | You fall into a shaft and drop 1 floor!
    82 | D:2      | Reached XP level 2. HP: 24/24 MP: 2/2
   103 | D:2      | Reached skill level 2 in Axes
   154 | D:2      | Gained mutation: You are afflicted with vampirism and can
                  | become a bat while bloodless. [Vampire growth]
   154 | D:2      | Reached XP level 3. HP: 17/29 MP: 3/3
   391 | D:2      | Found a broken altar of Ashenzari.
   415 | D:2      | Became a worshipper of Ashenzari the Shackled
   729 | D:3      | Reached XP level 4. HP: 35/35 MP: 4/4
  1210 | D:1      | Reached skill level 3 in Axes
  1366 | D:1      | Reached XP level 5. HP: 41/41 MP: 5/5
  1437 | D:1      | Gained mutation: Your mind is acute. (Int +4, Str/Dex -1)
                  | [potion of mutation]
  1437 | D:1      | Gained mutation: You possess an exceptional clarity of
                  | mind. [potion of mutation]
  2899 | D:3      | Reached * piety under Ashenzari
  2923 | D:4      | Found an iron altar of Okawaru.
  3157 | D:4      | Found a bloodstained altar of Trog.
  3417 | D:4      | Found Erchiv's Antique Weapon Shop.
  3467 | D:4      | Found a radiant altar of Vehumet.
  3649 | D:4      | Found a burning altar of Makhleb.
  3656 | D:4      | Reached skill level 4 in Axes
  3656 | D:4      | Reached skill level 1 in Dodging
  3656 | D:4      | Reached XP level 6. HP: 45/47 MP: 6/6
  3717 | D:5      | Entered Level 5 of the Dungeon
  3893 | D:5      | Noticed a hornet
  3916 | D:5      | Killed a hornet
  3917 | D:5      | Reached skill level 1 in Stealth
  3917 | D:5      | Reached XP level 7. HP: 12/54 MP: 7/7
  4108 | D:5      | Reached skill level 5 in Axes
  4115 | D:5      | Noticed Pikel
  4137 | D:5      | Killed Pikel
  4138 | D:5      | Reached XP level 8. HP: 14/61 MP: 8/8
  4315 | D:5      | Reached skill level 5 in Armour
  4495 | D:5      | Lost mutation: You possess an exceptional clarity of mind.
                  | [potion of mutation]
  4495 | D:5      | Lost mutation: Your mind is acute. (Int +4, Str/Dex -1)
                  | [potion of mutation]
  4495 | D:5      | Gained mutation: Your mind is acute. (Int +4, Str/Dex -1)
                  | [potion of mutation]
  4495 | D:5      | Gained mutation: Your spells are a little harder to cast,
                  | but a little more powerful. [potion of mutation]
  4648 | D:5      | Reached skill level 6 in Axes
  4648 | D:5      | Reached skill level 1 in Evocations
  5457 | D:6      | Reached XP level 9. HP: 54/67 MP: 9/9
  5463 | D:6      | Reached skill level 5 in Fighting
  5467 | D:6      | Reached ** piety under Ashenzari
  5715 | D:7      | Reached skill level 7 in Axes
  6308 | D:7      | Noticed Joseph
  6330 | D:7      | Killed Joseph
  6331 | D:7      | Reached skill level 8 in Axes
  6331 | D:7      | Reached skill level 5 in Shields
  6637 | D:7      | Found a staircase to the Ecumenical Temple.
  6654 | Temple   | Entered the Ecumenical Temple
  7052 | D:7      | Found a shimmering altar of Xom.
  7364 | D:8      | Noticed Maggie
  7373 | D:8      | HP: 3/68 [Maggie/bolt of fire (8)]
  7510 | D:8      | Noticed a komodo dragon
  7535 | D:8      | Reached XP level 10. HP: 79/79 MP: 10/10
  7612 | D:8      | Found a staircase to the Lair.
  7649 | D:8      | Killed Maggie
  7666 | D:8      | Reached skill level 9 in Axes
  7676 | Lair:1   | Entered Level 1 of the Lair of Beasts
  7687 | Lair:1   | Slain by a komodo dragon

Illustrated notes

Levels and vault maps discovered:
D:1:      psy_arrival_radial01, layout_basic, nrook_mini_backslash,
          minmay_parallelograms
D:2:      wad_woods_settlement, layout_basic, basic_altar
D:3:      layout_rooms
D:4:      minmay_spotlight, layout_cave_pools, lemuel_tele_altar,
          makhleb_blood_cavern_becter, kennysheep_okawaru_gauntlet,
          vehumet_crystals, serial_shops, kennysheep_mini_moat, chequers_avenue
D:5:      layout_basic, serial_glass, glass_columns_a, glass_columns_a,
          uniq_pikel
D:6:      layout_loops_ring
D:7:      kennysheep_six_static_rooms, layout_basic, kennysheep_mini,
          minmay_temple_entry_ruins, minmay_manual_moon, uniq_joseph
D:8:      layout_loops_ring, due_lair_maze_entry_diamond, serial_shops,
          nicolae_lakefront_shop, serial_glass, glass_columns_a,
          glass_columns_a, uniq_psyche, uniq_maggie
Temple:   pf_slimified_temple
Lair:1:   layout_gridlike, ldierk_geyser, grunt_megastairs_2,
          infiniplex_staircase_pool

Skill      XL: |  1  2  3  4  5  6  7  8  9 10 |
---------------+-------------------------------+-----
Fighting       | 3 4 5 6 |  6.1
Axes           | 2 3 4 5 6 8 9 |  9.1
Shields        | 3 4 5 |  5.7
Armour         | 3 4 5 6 |  6.4
Dodging        | 1 2 3 |  3.8
Stealth        | 1 |  1.7
Evocations     | 1 |  1.1

Action                   |  1- 3 |  4- 6 |  7- 9 | 10-12 || total
-------------------------+-------+-------+-------+-------++-------
Melee: War axe           |    70 |   239 |   324 |    65 ||   698
       Bite              |     8 |    14 |    36 |     7 ||    65
Invok: Curse Item        |       |     2 |     2 |       ||     4
Evoke: Wand              |       |     1 |     7 |     2 ||    10
  Use: Scroll            |       |     6 |     8 |       ||    14
       Potion            |       |     5 |     4 |       ||     9
Armor: Scale mail        |    47 |   103 |    66 |       ||   216
       Plate armour      |       |       |    21 |    23 ||    44
Dodge: Dodged            |    48 |   212 |   226 |    27 ||   513
Block: Buckler           |    23 |    81 |   165 |    43 ||   312
       Reflection        |       |       |     5 |       ||     5

Table legend: (Time is in decaauts)
 A = Elapsed time spent in this place.
 B = Non-inter-level travel time spent in this place.
 C = Inter-level travel time spent in this place.
 D = Time resting spent in this place.
 E = Time spent auto-exploring this place.
 F = Levels seen in this place.
 G = Mean time per level.
                   A        B        C        D        E       F      G
               +--------+--------+--------+--------+--------+-----+--------+
         Total |   7879 |   7188 |    691 |      0 |      0 |  10 |  787.9 |
       Dungeon |   7732 |   7041 |    691 |      0 |      0 |   8 |  966.5 |
        Temple |    135 |    135 |      0 |      0 |      0 |   1 |  135.0 |
          Lair |     10 |     10 |      0 |      0 |      0 |   1 |   10.0 |
               +--------+--------+--------+--------+--------+-----+--------+

Top non-repeatable levels by time:
     D:7: 1452 daAuts
     D:2: 1271 daAuts
     D:5: 1208 daAuts
     D:1: 994 daAuts
     D:4: 981 daAuts
     D:3: 712 daAuts
     D:6: 677 daAuts
     D:8: 434 daAuts
  Temple: 135 daAuts
  Lair:1: 10 daAuts
